 Dungeon Crawl Stone Soup version 0.21-a0-591-g2314aa1 (webtiles) character file.

4089 Amnesiac the Changer (level 10, -2/88 HPs)
             Began as a Deep Elf Earth Elementalist on Dec 22, 2017.
             Was a Follower of Ashenzari.
             Slain by a yak (12 damage)
             ... on level 8 of the Dungeon.
             The game lasted 00:17:11 (7568 turns).

Amnesiac the Changer (Deep Elf Earth Elementalist)  Turns: 7568, Time: 00:17:12

Health: -2/88      AC: 25    Str:  5    XL:     10   Next: 5%
Magic:  2/19       EV:  2    Int: 24    God:    Ashenzari [*.....]
Gold:   83         SH:  0    Dex: 15    Spells: 7/19 levels left

rFire    . . .     SeeInvis .   l - +4 dagger (drain) (curse)
rCold    . . .     Gourm    .   (no shield)
rNeg     + + +     Faith    .   (armour currently unavailable)
rPois    +         Spirit   .   (helmet currently unavailable)
rElec    .         Reflect  .   (cloak currently unavailable)
rCorr    .         Harm     +   (gloves currently unavailable)
MR       +....     NoTele   +   (boots currently unavailable)
Stlth    ++++......             n - amulet of harm (curse)
HPRegen  0.24/turn              q - ring of positive energy (curse)
MPRegen  0.16/turn              y - ring of stealth

@: tree-form, very slow
A: no striking features
a: Curse Item, Scrying, Renounce Religion


You were on level 8 of the Dungeon.
You worshipped Ashenzari.
Ashenzari was aware of your devotion.
You were hungry.
You were a tree.
You visited 2 branches of the dungeon, and saw 9 of its levels.

You collected 413 gold pieces.
You spent 330 gold pieces at shops.

Inventory:

Hand Weapons
 l - a cursed +4 dagger of draining (weapon)
 z - a +3 scimitar of flaming
Missiles
 b - 70 stones (quivered)
 w - 13 poisoned needles
Armour
 g - a cursed +1 pair of gloves (melded)
 i - a cursed +0 pair of boots (melded)
 m - a +0 cloak (melded)
 C - the cursed +1 robe of Eternal Night (melded) {Dex+5}
   (You found it on level 7 of the Dungeon)

   It affects your dexterity (+5).
   It has a curse placed upon it.
 F - a +2 robe of cold resistance
Jewellery
 n - a cursed amulet of harm (around neck)
 q - a cursed ring of positive energy (left branch)
 y - a ring of stealth (right branch)
 E - an uncursed ring of fire
 H - an uncursed ring of resist corrosion
Wands
 u - a wand of enslavement (17)
 D - a wand of clouds (5)
Scrolls
 a - a scroll of blinking {!r, unknown}
 c - a scroll of enchant armour {!r, unknown}
 h - 2 scrolls of magic mapping {!r}
 j - 4 scrolls of teleportation {!r}
 k - a scroll of immolation {!r}
 o - 2 scrolls of enchant weapon {!r}
 s - 5 scrolls of remove curse {!r}
 x - a scroll of fog {!r, unknown}
 A - a scroll of amnesia {!r}
 B - a scroll of identify {!r}
 G - a scroll of vulnerability {!r, unknown}
Potions
 f - a potion of resistance {!q}
 p - 2 potions of agility {!q}
 r - a potion of haste {!q}
 v - 3 potions of curing {!q}
Books
 e - a book of Geomancy

   Spells                             Type                      Level
   a - Sandblast                      Earth                        1
   b - Passwall                       Transmutation/Earth          2
   c - Stone Arrow                    Conjuration/Earth            3
   d - Petrify                        Transmutation/Earth          4
   e - Lee's Rapid Deconstruction     Earth                        5
Comestibles
 d - 14 rations
 I - 10 chunks of flesh


   Skills:
 + Level 5.3 Fighting
 - Level 6.2 Short Blades
 - Level 6.8 Dodging
 - Level 6.0 Stealth
 - Level 5.0 Spellcasting
 - Level 7.0 Transmutations
 - Level 7.0 Earth Magic


You had 7 spell levels left.
You knew the following spells:

 Your Spells              Type           Power        Failure   Level  Hunger
a - Sandblast             Erth           #####.       1%          1    None
b - Passwall              Tmut/Erth      #####.....   1%          2    None
d - Lee's Rapid Deconstr  Erth           #####.....   14%         5    #####..
e - Petrify               Tmut/Erth      #####...     4%          4    ####...


Dungeon Overview and Level Annotations

Branches:
Dungeon (8/15)             Temple (1/1) D:6
   Lair: D:8-11

Altars:
Ashenzari
Dithmenos
Fedhas
Gozag
Hepliaklqana
Kikubaaqudgha
Makhleb
Qazlal
Ru
Trog
Vehumet
Yredelemnul
The Shining One

Shops:
D:8 *

Annotations:
D:2 2 transporters, Menkaure


Message History

Confirm with . or Enter, or press ? or * to list all spells.
Aiming: Petrify
Press: ? - help, Shift-Dir - straight line, f/p - yak
Aim: a yak (lightly wounded, chance to defeat MR: 67%)
The yak struggles to resist.
The yak barely misses you.
The yak snorts and paws the ground.
Casting: Petrify
Confirm with . or Enter, or press ? or * to list all spells.
You don't have enough magic to cast that spell.
There is an open door here.
Casting: Petrify
Confirm with . or Enter, or press ? or * to list all spells.
Aiming: Petrify
Press: ? - help, Shift-Dir - straight line, f/p - yak
Aim: a yak (chance to defeat MR: 67%)
The yak struggles to resist.
The yak closely misses you.
You see here a +0 pair of boots.
There is an open door here.
There is an open door here.
There is an open door here.
The yak misses you.
You see here a large rock.
You enter the shallow water.
Moving in this stuff is going to be slow.
The hippogriff bites you!
* * * LOW HITPOINT WARNING * * *
The hippogriff pecks you but does no damage.
The hippogriff claws you.
* * * LOW HITPOINT WARNING * * *
Really quaff
t - a potion of lignification {!q}?
You turn into a tree.
Your roots penetrate the ground.
The hippogriff bites you but does no damage.
The hippogriff pecks you but does no damage.
The hippogriff claws you but does no damage.
Really quaff
v - 4 potions of curing {!q}?
You feel better. The yak gores you!
* * * LOW HITPOINT WARNING * * *
The hippogriff bites you but does no damage.
The hippogriff pecks you but does no damage.
The hippogriff completely misses you.
Casting: Petrify
Confirm with . or Enter, or press ? or * to list all spells.
Aiming: Sandblast
Press: ? - help, Shift-Dir - straight line, f - hippogriff, p - yak
Aim: a hippogriff The blast of sand hits the hippogriff.
The hippogriff is moderately wounded.
b - 71 stones The yak gores you but does no damage.
The hippogriff bites you but does no damage.
The hippogriff pecks you but does no damage.
The hippogriff claws you but does no damage.
Unknown command.
Casting: Sandblast
Confirm with . or Enter, or press ? or * to list all spells.
Aiming: Sandblast
Press: ? - help, Shift-Dir - straight line, f/p - hippogriff
Aim: a hippogriff (moderately wounded)
The blast of sand misses the hippogriff.
b - 70 stones The yak gores you.
* * * LOW HITPOINT WARNING * * *
The yak gores you!
You die...

#....##..####.#♣.......♣*,**
#..#.###.####.#♣P....P♣♣***
#..#..........#♣♣♣P...♣
****** #..#..###.##..#
♣♣P..P♣ *,,,,* ####..#
#....##♣♣....♣♣ *,,,,*
#..#.## ##....#♣...(..♣♣
*,,,,*
#..#.####..##.#♣...P...♣
#....##
#..#.##...#...#YYH♣.Y..♣#
#.....#
........##..###≈♣.♣♣....#
#...... ...#######.##
#≈≈≈♣♣♣...# #....## ...##
#.[# ##### ##'## #.<..##
....# ##.##
#...###...###....##
#.#.####..#
#...#.#...#........
..#..#...##
#...H.'...#...(....
####...###
#..Y#.#...#........ ##..#
#..[###...#..)..... #..##
##H## #####..(.....


You could see a hippogriff and 2 yaks.

Vanquished Creatures
  Erica (D:8)
  A two-headed ogre (D:8)
  A moth of wrath (D:5)
  A yak (D:8)
  3 sky beasts
  4 ice beasts
  3 ogres
  A phantom (D:4)
  A centaur (D:7)
  Blork the orc (D:6)
  3 bullfrogs
  A scorpion (D:8)
  A howler monkey (D:4)
  2 crimson imps
  A bullfrog zombie (D:5)
  A centaur skeleton (D:5)
  A hound (D:5)
  A jelly (D:2)
  4 orc priests
  7 orc wizards
  3 iguanas
  A worker ant (D:8)
  A hound skeleton (D:6)
  A worker ant zombie (D:5)
  A gnoll (D:1)
  2 howler monkey zombies
  11 adders
  2 shadow imps
  3 oozes
  2 adder skeletons
  4 worms
  A dart slug (D:1)
  A leopard gecko (D:2)
  24 orcs
  7 bats
  7 giant cockroaches
  5 goblins
  9 hobgoblins
  14 jackals
  3 quokkas
  2 ball pythons
  5 frilled lizards
  A goblin skeleton (D:7)
  A goblin zombie (D:7)
  2 hobgoblin zombies (D:7)
  A jackal zombie (D:6)
  3 kobolds
  3 kobold skeletons (D:7)
  2 kobold zombies (D:7)
  2 orc skeletons (D:7)
  2 orc zombies (D:7)
  2 quokka skeletons (D:4)
  13 rats
180 creatures vanquished.

Notes
Turn   | Place    | Note
-------+----------+-------------------------------------------
     0 | D:1      | Amnesiac the Deep Elf Earth Elementalist began the quest for the Orb.
     0 | D:1      | Reached XP level 1. HP: 10/10 MP: 6/6
    86 | D:1      | Reached XP level 2. HP: 14/15 MP: 6/8
    91 | D:1      | Lost strength.
   614 | D:2      | Reached XP level 3. HP: 19/19 MP: 10/10
   623 | D:2      | Learned a level 2 spell: Passwall
   636 | D:2      | Reached XP level 4. HP: 24/24 MP: 9/12
   645 | D:2      | Reached skill level 5 in Earth Magic
   682 | D:2      | Learned a level 4 spell: Petrify
   851 | D:2      | Found an ancient bone altar of Kikubaaqudgha.
   853 | D:2      | Noticed Menkaure
   856 | D:2      | Found a basalt altar of Yredelemnul.
   859 | D:2      | Found the amulet of the Air {Inacc +Fly rElec EV+5 RMsl}
   875 | D:2      | Found a transporter.
   886 | D:2      | Found a transporter.
   995 | D:2      | Reached XP level 5. HP: 27/28 MP: 9/14
  1094 | D:3      | Reached skill level 5 in Spellcasting
  1204 | D:3      | Found a stormy altar of Qazlal.
  2037 | D:3      | Found a radiant altar of Vehumet.
  2690 | D:3      | Reached XP level 6. HP: 30/32 MP: 11/15
  2996 | D:3      | Reached skill level 5 in Transmutations
  4369 | D:5      | Entered Level 5 of the Dungeon
  4476 | D:5      | Reached XP level 7. HP: 10/36 MP: 8/16
  5207 | D:5      | Noticed a moth of wrath
  5214 | D:5      | Found a bloodstained altar of Trog.
  5232 | D:5      | Learned a level 5 spell: Lee's Rapid Deconstruction
  5622 | D:5      | Found a burning altar of Makhleb.
  5719 | D:6      | Found a staircase to the Ecumenical Temple.
  5730 | D:6      | Reached skill level 1 in Short Blades
  5730 | D:6      | Reached XP level 8. HP: 31/41 MP: 11/17
  5755 | Temple   | Entered the Ecumenical Temple
  5765 | Temple   | Became a worshipper of Ashenzari the Shackled
  6015 | D:6      | Found a hazy altar of Hepliaklqana.
  6136 | D:6      | Noticed Blork the orc
  6141 | D:6      | Reached skill level 5 in Stealth
  6144 | D:6      | Killed Blork the orc
  6275 | D:5      | Killed a moth of wrath
  6275 | D:5      | Reached skill level 5 in Short Blades
  6517 | D:7      | Found a shadowy altar of Dithmenos.
  6596 | D:7      | Reached * piety under Ashenzari
  6599 | D:7      | Found a glowing golden altar of the Shining One.
  6620 | D:7      | Reached XP level 9. HP: 45/45 MP: 8/18
  6740 | D:7      | Found a sacrificial altar of Ru.
  6812 | D:7      | Reached skill level 1 in Fighting
  6920 | D:7      | Got the cursed robe of Eternal Night {Dex+5}
  7097 | D:8      | Noticed a two-headed ogre
  7099 | D:8      | Noticed Erica
  7104 | D:8      | Killed a two-headed ogre
  7116 | D:8      | Killed Erica
  7268 | D:8      | Identified the cursed +1 robe of Eternal Night {Dex+5} (You found it on level 7 of the Dungeon)
  7337 | D:8      | Found Omijuh's Assorted Antiques.
  7340 | D:8      | Bought a scroll labeled KITITA PYTEE for 33 gold pieces
  7340 | D:8      | Bought a scroll of remove curse for 99 gold pieces
  7340 | D:8      | Bought a scroll labeled QETTIS XATA for 33 gold pieces
  7340 | D:8      | Bought a runed ruby ring for 165 gold pieces
  7445 | D:8      | Reached XP level 10. HP: 58/58 MP: 16/19
  7451 | D:8      | Reached skill level 5 in Fighting
  7568 | D:8      | Slain by a yak

Vault maps used:
D:1:      kilobyte_arrival_exit_the_forest
D:2:      gammafunk_temple_of_torment
D:3:      nicolae_qazlal_general_emergency, nicolae_overflow_crystal_walls,
          first_ration, st_stairs_4, corexii_leaking_fountain,
          minmay_crystal_room
D:4:      serial_glass, glass_columns_c, glass_columns_b
D:5:      tgw_trog, makhleb_blood_cavern_becter
D:6:      kennysheep_little_box, minmay_temple_entry_trees, uniq_blork_the_orc
D:7:      lemuel_crystal_altar, nicolae_dithmenos_shadow_blocks,
          nicolae_tso_besieged_by_evil
D:8:      minitemple, serial_shops, kennysheep_mini_moat,
          nicolae_zen_rock_garden, hangedman_abyss_or_decor_stagger,
          hangedman_ranch, uniq_erica
Temple:   dpeg_three_leaves_temple

Skill      XL: |  1  2  3  4  5  6  7  8  9 10 |
---------------+-------------------------------+-----
Earth Magic    | 4 5 7 |  7.0
Spellcasting   | 4 5 |  5.0
Transmutations | 2 4 6 7 |  7.0
Short Blades   | 1 5 6 |  6.2
Stealth        | 6 |  6.0
Fighting       | 4 5 |  5.3
Dodging        | 6 |  6.8

Action                   |  1- 3 |  4- 6 |  7- 9 | 10-12 || total
-------------------------+-------+-------+-------+-------++-------
Melee: Unarmed           |     2 |       |       |       ||     2
       Dagger            |     1 |    10 |    73 |       ||    84
Throw: Stone             |       |       |     1 |       ||     1
 Cast: Sandblast         |    20 |   119 |    85 |    19 ||   243
       Petrify           |       |     1 |     6 |     3 ||    10
       Lee's Rapid Decon |       |       |     4 |       ||     4
       Passwall          |       |       |     1 |       ||     1
Invok: Curse Item        |       |       |     5 |       ||     5
  Use: Scroll            |     3 |     6 |     8 |       ||    17
       Potion            |       |     3 |       |     2 ||     5
 Stab: Sleeping          |     1 |     1 |     7 |       ||     9
       Petrified         |       |       |    11 |       ||    11
  Eat: Chunk             |       |    15 |     9 |     1 ||    25
       Ration            |       |     1 |       |       ||     1
Armor: Robe              |       |    11 |    23 |     1 ||    35
       Skin              |       |       |       |     9 ||     9
Dodge: Dodged            |     2 |    62 |    48 |    10 ||   122

Table legend:
 A = Spawn XP
 B = Non-spawn XP
 C = Spawn XP percentage of total XP
 D = Spawn monster count
 E = Non-spawn monster count
 F = Spawn count percentage of total count
 G = Total turns spent on level
                    A         B        C        D         E        F      G
               +---------+---------+-------+---------+---------+-------+---------
         Total |       0 |    5842 |   0.0 |       0 |     180 |   0.0 |  7568
               +---------+---------+-------+---------+---------+-------+---------
           D:1 |       0 |      39 |   0.0 |       0 |      13 |   0.0 |   613
           D:2 |       0 |     165 |   0.0 |       0 |      27 |   0.0 |   452
           D:3 |       0 |     321 |   0.0 |       0 |      43 |   0.0 |  2365
           D:4 |       0 |     203 |   0.0 |       0 |      12 |   0.0 |   939
           D:5 |       0 |     941 |   0.0 |       0 |      19 |   0.0 |  1387
           D:6 |       0 |     876 |   0.0 |       0 |      16 |   0.0 |   527
           D:7 |       0 |     545 |   0.0 |       0 |      35 |   0.0 |   789
           D:8 |       0 |    2752 |   0.0 |       0 |      15 |   0.0 |   471
               +---------+---------+-------+---------+---------+-------+---------
